| TOP OF THE 1ST |
|
Roswell Invaders batting - Pitching for Oakland Oaks : LHP Elias Pena
|
|
Pitching: LHP Elias Pena
|
|
|
Batting: LHB Marshall Rives
|
0-0: Ball 1-0: Ball 2-0: Ground out U3 (Groundball, 3S, EV 81.9 MPH)
|
|
Batting: LHB Nick Walker
|
0-0: Ball 1-0: Fly out, F8 (Flyball, 89D, EV 98.8 MPH)
|
|
Batting: RHB Juan Mejia
|
0-0: Ball 1-0: Called Strike 1-1: Swinging Strike 1-2: Ball 2-2: Foul Ball, location: 2F 2-2: Ball 3-2: Base on Balls
|
|
Batting: RHB Jason Hanson
|
0-0: Ball 1-0: Called Strike 1-1: SINGLE (Groundball, 6MD, EV 100.0 MPH) Juan Mejia to second
|
|
Batting: RHB Benjie Alejandro
|
0-0: Fielders Choice at 2nd, 5-4 (Groundball, 56, EV 95.0 MPH)
|
| Top of the 1st over - 0 runs, 1 hit, 0 errors, 2 left on base; Roswell 0 - Oakland 0 |
| BOTTOM OF THE 1ST |
|
Oakland Oaks batting - Pitching for Roswell Invaders : RHP Ulbert Beltman
|
|
Pitching: RHP Ulbert Beltman
|
|
|
Batting: LHB Bill Helmer
|
0-0: Ball 1-0: Ball 2-0: Called Strike 2-1: Ball 3-1: Foul Ball, location: 2F 3-2: Foul Ball, location: 2F 3-2: Foul Ball, location: 2F 3-2: Strikes out swinging
|
|
Batting: SHB Steve McGee
|
0-0: Ball 1-0: Fly out, F8 (Flyball, 8RS, EV 83.8 MPH)
|
|
Batting: LHB Justin LeFlore
|
0-0: TRIPLE (Line Drive, 89XD, EV 113.8 MPH)
|
|
Batting: SHB Chris King
|
0-0: Ball 1-0: Fly out, F7 (Flyball, 7, EV 93.8 MPH)
|
| Bottom of the 1st over - 0 runs, 1 hit, 0 errors, 1 left on base; Roswell 0 - Oakland 0 |
| TOP OF THE 2ND |
|
Roswell Invaders batting - Pitching for Oakland Oaks : LHP Elias Pena
|
|
Batting: LHB Andy Fischer
|
0-0: Called Strike 0-1: Ball 1-1: Ball 2-1: Foul Ball, location: 2F 2-2: SINGLE (Line Drive, 34, EV 96.9 MPH)
|
|
Batting: RHB Dan Long
|
0-0: Ball 1-0: Ball 2-0: Called Strike 2-1: Foul Ball, location: 2F 2-2: Strikes out swinging
|
|
Batting: SHB Sandy Burke
|
0-0: Foul Ball, location: 2F 0-1: Foul Ball, location: 2F 0-2: Fly out, F8 (Flyball, 8RM, EV 90.6 MPH)
|
|
Batting: RHB Shinichi Miyamoto
|
0-0: Called Strike 0-1: Foul Ball, location: 2F 0-2: Strikes out swinging
|
| Top of the 2nd over - 0 runs, 1 hit, 0 errors, 1 left on base; Roswell 0 - Oakland 0 |
| BOTTOM OF THE 2ND |
|
Oakland Oaks batting - Pitching for Roswell Invaders : RHP Ulbert Beltman
|
|
Batting: RHB Moises Guzman
|
0-0: Hit by Pitch
|
|
Batting: RHB Mario Medina
|
0-0: Foul Ball, location: 2F 0-1: Ball 1-1: Fielders Choice at 2nd, 5-4 (Groundball, 56S, EV 92.5 MPH)
|
|
Batting: RHB Edwin Nunez
|
0-0: Called Strike 0-1: Fielders Choice at 2nd, 6-4 (Groundball, 6, EV 107.5 MPH)
|
|
Batting: RHB Robby Britton
|
0-0: Foul Ball, location: 2F 0-1: Foul Ball, location: 2F 0-2: Ball 1-2: Fielders Choice at 2nd, 5-4 (Groundball, 5D, EV 83.1 MPH)
|
| Bottom of the 2nd over - 0 runs, 0 hits, 0 errors, 1 left on base; Roswell 0 - Oakland 0 |
| TOP OF THE 3RD |
|
Roswell Invaders batting - Pitching for Oakland Oaks : LHP Elias Pena
|
|
Batting: LHB Marshall Rives
|
0-0: Ball 1-0: Foul Ball, location: 2F 1-1: TRIPLE (Line Drive, 78XD, EV 106.9 MPH)
|
|
Batting: LHB Nick Walker
|
0-0: Foul Ball, location: 2F 0-1: Fly out, F8 (Flyball, 8LD, EV 74.4 MPH) Runner from 3rd tags up, SCORES, no throw by CF
|
|
Batting: RHB Juan Mejia
|
0-0: Called Strike 0-1: Ball 1-1: Fly out, F7 (Flyball, 7D, EV 80.6 MPH)
|
|
Batting: RHB Jason Hanson
|
0-0: Called Strike 0-1: Foul Ball, location: 2F 0-2: Ball 1-2: Strikes out swinging
|
| Top of the 3rd over - 1 run, 1 hit, 0 errors, 0 left on base; Roswell 1 - Oakland 0 |
| BOTTOM OF THE 3RD |
|
Oakland Oaks batting - Pitching for Roswell Invaders : RHP Ulbert Beltman
|
|
Batting: RHB Matt Nehman
|
0-0: Ground out 6-3 (Groundball, 6, EV 104.4 MPH)
|
|
Batting: LHB Bill Helmer
|
0-0: Ball 1-0: Called Strike 1-1: Called Strike 1-2: Foul Ball, location: 2F 1-2: Ball 2-2: Foul Ball, location: 2F 2-2: Foul Ball, location: 2F 2-2: Ground out U3 (Groundball, 3, EV 85.0 MPH)
|
|
Batting: SHB Steve McGee
|
0-0: Swinging Strike 0-1: Ball 1-1: SINGLE (Groundball, 56D, EV 93.8 MPH)
|
|
Batting: LHB Justin LeFlore
|
0-0: Ball 1-0: Called Strike 1-1: Foul Ball, location: 2F 1-2: Ball 2-2: Strikes out looking
|
| Bottom of the 3rd over - 0 runs, 1 hit, 0 errors, 1 left on base; Roswell 1 - Oakland 0 |
| TOP OF THE 4TH |
|
Roswell Invaders batting - Pitching for Oakland Oaks : LHP Elias Pena
|
|
Batting: RHB Benjie Alejandro
|
0-0: Ball 1-0: Ball 2-0: Ball 3-0: Base on Balls
|
|
Batting: LHB Andy Fischer
|
0-0: Ball 1-0: Called Strike 1-1: Called Strike 1-2: Ball 2-2: Foul Ball, location: 2F 2-2: Ball 3-2: Strikes out looking
|
|
Batting: RHB Dan Long
|
0-0: 2-RUN HOME RUN (Flyball, 9D, EV 98.8 MPH), Distance : 398 ft
|
|
Batting: SHB Sandy Burke
|
0-0: Ball 1-0: Ball 2-0: Foul Ball, location: 2F 2-1: Foul Ball, location: 2F 2-2: Ball 3-2: Foul Ball, location: 2F 3-2: Base on Balls
|
|
Batting: RHB Shinichi Miyamoto
|
0-0: Called Strike 0-1: Ball 1-1: Called Strike 1-2: Ball 2-2: Fly out, F8 (Flyball, 89S, EV 81.2 MPH)
|
|
Batting: LHB Marshall Rives
|
0-0: Ball 1-0: Fielders Choice at 2nd, 5-4 (Groundball, 5L, EV 85.0 MPH)
|
| Top of the 4th over - 2 runs, 1 hit, 0 errors, 1 left on base; Roswell 3 - Oakland 0 |
| BOTTOM OF THE 4TH |
|
Oakland Oaks batting - Pitching for Roswell Invaders : RHP Ulbert Beltman
|
|
Batting: SHB Chris King
|
0-0: Called Strike 0-1: Ball 1-1: Ball 2-1: Ball 3-1: Swinging Strike 3-2: Fly out, F9 (Flyball, 89D, EV 83.8 MPH)
|
|
Batting: RHB Moises Guzman
|
0-0: Ball 1-0: Foul Ball, location: 2F 1-1: Ground out 5-3 (Groundball, 5S, EV 76.2 MPH)
|
|
Batting: RHB Mario Medina
|
0-0: Called Strike 0-1: Ball 1-1: Foul Ball, location: 2F 1-2: Strikes out looking and he ARGUES THE CALL AND IS TOSSED!
|
| Bottom of the 4th over - 0 runs, 0 hits, 0 errors, 0 left on base; Roswell 3 - Oakland 0 |
| TOP OF THE 5TH |
|
Roswell Invaders batting - Pitching for Oakland Oaks : LHP Elias Pena
|
|
Now at C: Kasey Sands
|
|
|
Batting: LHB Nick Walker
|
0-0: Called Strike 0-1: Fly out, F4 (Line Drive, 34, EV 60.6 MPH)
|
|
Batting: RHB Juan Mejia
|
0-0: Called Strike 0-1: Ball 1-1: Ball 2-1: Ground out U3 (Groundball, 34S, EV 66.9 MPH)
|
|
Batting: RHB Jason Hanson
|
0-0: Ball 1-0: Ball 2-0: Ground out 4-3 (Groundball, 4MS, EV 87.5 MPH)
|
| Top of the 5th over - 0 runs, 0 hits, 0 errors, 0 left on base; Roswell 3 - Oakland 0 |
| BOTTOM OF THE 5TH |
|
Oakland Oaks batting - Pitching for Roswell Invaders : RHP Ulbert Beltman
|
|
Batting: RHB Edwin Nunez
|
0-0: SINGLE (Flyball, 56D, EV 83.8 MPH)
|
|
Batting: RHB Robby Britton
|
0-0: Swinging Strike 0-1: Fly out, F8 (Flyball, 8RM, EV 89.4 MPH)
|
|
Batting: RHB Matt Nehman
|
0-0: Ball 1-0: Foul Ball, location: 2F 1-1: Foul Ball, location: 2F 1-2: Ball 2-2: Foul Ball, location: 2F 2-2: Ball 3-2: Grounds into double play, 6-4-3 (Groundball, 6, EV 77.5 MPH)
|
| Bottom of the 5th over - 0 runs, 1 hit, 0 errors, 0 left on base; Roswell 3 - Oakland 0 |
| TOP OF THE 6TH |
|
Roswell Invaders batting - Pitching for Oakland Oaks : LHP Elias Pena
|
|
Batting: RHB Benjie Alejandro
|
0-0: Ball 1-0: Ball 2-0: Called Strike 2-1: Ground out 5-3 (Groundball, 56S, EV 63.8 MPH)
|
|
Pitching: RHP Paul Ladner
|
|
|
Batting: LHB Andy Fischer
|
0-0: Ball 1-0: Ball 2-0: Ground out 5-3 (Groundball, 56, EV 103.8 MPH)
|
|
Batting: RHB Dan Long
|
0-0: Ball 1-0: Foul Ball, location: 2F 1-1: Foul Ball, location: 2F 1-2: Ball 2-2: Fly out, F7 (Flyball, 7D, EV 95.0 MPH)
|
| Top of the 6th over - 0 runs, 0 hits, 0 errors, 0 left on base; Roswell 3 - Oakland 0 |
| BOTTOM OF THE 6TH |
|
Oakland Oaks batting - Pitching for Roswell Invaders : RHP Ulbert Beltman
|
|
Batting: LHB Bill Helmer
|
0-0: Ball 1-0: Foul Ball, location: 2F 1-1: Foul Ball, location: 2F 1-2: Foul Ball, location: 2F 1-2: SINGLE (Groundball, 6MD, EV 99.4 MPH)
|
|
Batting: SHB Steve McGee
|
0-0: Ball 1-0: Fielders Choice at 2nd, 6-4 (Groundball, 6, EV 80.6 MPH)
|
|
Batting: LHB Justin LeFlore
|
0-0: DOUBLE (Flyball, 8RXD, EV 112.5 MPH) Steve McGee to third
|
|
Batting: SHB Chris King
|
0-0: Ball 1-0: Fly out, F9 (Flyball, 89M, EV 88.8 MPH)
|
|
Batting: RHB Moises Guzman
|
0-0: Ground out 6-3 (Groundball, 6, EV 102.5 MPH)
|
| Bottom of the 6th over - 0 runs, 2 hits, 0 errors, 2 left on base; Roswell 3 - Oakland 0 |
| TOP OF THE 7TH |
|
Roswell Invaders batting - Pitching for Oakland Oaks : RHP Paul Ladner
|
|
Batting: SHB Sandy Burke
|
0-0: Ball 1-0: Swinging Strike 1-1: Hit by Pitch
|
|
Batting: RHB Shinichi Miyamoto
|
0-0: Called Strike 0-1: Ball 1-1: Foul Ball, location: 2F 1-2: Ball 2-2: Ball 3-2: Strikes out looking
|
|
Batting: LHB Marshall Rives
|
0-0: Called Strike 0-1: Foul Ball, location: 2F 0-2: Strikes out swinging
|
|
Batting: LHB Nick Walker
|
0-0: Called Strike 0-1: Foul Ball, location: 2F 0-2: Ball 1-2: Fly out, F5 (Popup, 5F, EV 59.4 MPH)
|
| Top of the 7th over - 0 runs, 0 hits, 0 errors, 1 left on base; Roswell 3 - Oakland 0 |
| BOTTOM OF THE 7TH |
|
Oakland Oaks batting - Pitching for Roswell Invaders : RHP Ulbert Beltman
|
|
Batting: RHB Kasey Sands
|
0-0: Called Strike 0-1: Swinging Strike 0-2: Ball 1-2: Ball 2-2: Strikes out swinging
|
|
Batting: RHB Edwin Nunez
|
0-0: Ball 1-0: Ball 2-0: Swinging Strike 2-1: Swinging Strike 2-2: Foul Ball, location: 2F 2-2: SINGLE (Flyball, 8RS, EV 93.8 MPH)
|
|
Batting: RHB Robby Britton
|
0-0: Ball 1-0: Foul Ball, location: 2F 1-1: Ball Edwin Nunez steals 2nd base 2-1: Ground out 5-3 (Groundball, 56, EV 110.0 MPH)
|
|
Batting: RHB Matt Nehman
|
0-0: Ball 1-0: Ball 2-0: Ball 3-0: Base on Balls
|
|
Batting: LHB Bill Helmer
|
0-0: Ball 1-0: Called Strike 1-1: Ball 2-1: Swinging Strike 2-2: Foul Ball, location: 2F 2-2: Ground out 4-3 (Groundball, 4, EV 99.4 MPH)
|
| Bottom of the 7th over - 0 runs, 1 hit, 0 errors, 2 left on base; Roswell 3 - Oakland 0 |
| TOP OF THE 8TH |
|
Roswell Invaders batting - Pitching for Oakland Oaks : RHP Paul Ladner
|
|
Batting: RHB Juan Mejia
|
0-0: Ball 1-0: SINGLE (Groundball, 34D, EV 108.1 MPH)
|
|
Batting: RHB Jason Hanson
|
0-0: Called Strike 0-1: Fly out, F8 (Flyball, 8LM, EV 96.9 MPH)
|
|
Batting: RHB Benjie Alejandro
|
0-0: Called Strike 0-1: Foul Ball, location: 2F 0-2: Ball 1-2: Ball 2-2: Foul Ball, location: 2F 2-2: Foul Ball, location: 2F 2-2: Foul Ball, location: 2F 2-2: Ball 3-2: Base on Balls Juan Mejia to second
|
|
Batting: LHB Andy Fischer
|
0-0: Ball 1-0: Called Strike 1-1: Called Strike 1-2: Foul Ball, location: 2F 1-2: Foul Ball, location: 2F 1-2: Strikes out looking
|
|
Batting: RHB Hidemitsu Matsuno
|
0-0: SINGLE (Line Drive, 56D, EV 97.5 MPH) Juan Mejia to third Benjie Alejandro to second Runner from 3rd tries for Home, SAFE, throw by LF to home
|
|
Pitching: RHP Matt Doherty
|
|
|
Batting: SHB Sandy Burke
|
0-0: Foul Ball, location: 2F 0-1: Ball 1-1: Ball 2-1: Foul Ball, location: 2F 2-2: Strikes out swinging
|
| Top of the 8th over - 1 run, 2 hits, 0 errors, 2 left on base; Roswell 4 - Oakland 0 |
| BOTTOM OF THE 8TH |
|
Oakland Oaks batting - Pitching for Roswell Invaders : RHP Ulbert Beltman
|
|
Batting: SHB Steve McGee
|
0-0: Ball 1-0: Hit by Pitch
|
|
Batting: LHB Justin LeFlore
|
0-0: Ball 1-0: Ball 2-0: DOUBLE (Line Drive, 78M, EV 95.6 MPH) Steve McGee to third
|
|
Batting: SHB Chris King
|
0-0: Called Strike 0-1: Ball 1-1: Called Strike 1-2: Strikes out swinging
|
|
Pinch Hitting: LHB Justin Conley
|
0-0: Called Strike 0-1: Ball 1-1: Swinging Strike 1-2: Ball 2-2: Ball 3-2: Strikes out swinging
|
|
Batting: RHB Kasey Sands
|
0-0: Called Strike 0-1: 3-RUN HOME RUN (Flyball, 7LD, EV 96.2 MPH), Distance : 345 ft
|
|
Pinch Hitting: LHB Brian Canny
|
0-0: Ball 1-0: Foul Ball, location: 2F 1-1: Ball 2-1: Swinging Strike 2-2: Foul Ball, location: 2F 2-2: Strikes out swinging
|
| Bottom of the 8th over - 3 runs, 2 hits, 0 errors, 0 left on base; Roswell 4 - Oakland 3 |
| TOP OF THE 9TH |
|
Roswell Invaders batting - Pitching for Oakland Oaks : RHP Matt Doherty
|
|
Now at 3B: Ernie McLean
|
|
|
Now in LF: Brian Canny
|
|
|
Batting: RHB Shinichi Miyamoto
|
0-0: Ball 1-0: Called Strike 1-1: Swinging Strike 1-2: Ball 2-2: Foul Ball, location: 2F 2-2: Strikes out swinging
|
|
Pinch Hitting: LHB Ivan Cortez
|
0-0: Ball 1-0: Ball 2-0: Called Strike 2-1: Called Strike 2-2: Ground out U3 (Groundball, 3, EV 105.0 MPH)
|
|
Batting: LHB Nick Walker
|
0-0: Foul Ball, location: 2F 0-1: Foul Ball, location: 2F 0-2: SINGLE (Groundball, 34D, EV 108.8 MPH)
|
|
Batting: RHB Juan Mejia
|
0-0: Ball 1-0: Ball 2-0: Ball 3-0: Called Strike 3-1: Base on Balls Nick Walker to second
|
|
Pinch Hitting: LHB Andrew Moore
|
0-0: Called Strike 0-1: Foul Ball, location: 2F 0-2: Ball 1-2: Ball 2-2: Strikes out swinging
|
| Top of the 9th over - 0 runs, 1 hit, 0 errors, 2 left on base; Roswell 4 - Oakland 3 |
| BOTTOM OF THE 9TH |
|
Oakland Oaks batting - Pitching for Roswell Invaders : RHP Ulbert Beltman
|
|
Pitching: LHP Tim Voshell
|
|
|
Now at 1B: Julio Zamora
|
|
|
Now in RF: Matt Tanner
|
|
|
Pinch Hitting: RHB Pat Betancourt
|
0-0: Swinging Strike 0-1: Ground out 6-3 (Groundball, 6, EV 91.9 MPH)
|
|
Pinch Hitting: RHB Jonathan Grabowski
|
0-0: Ball 1-0: Ground out 1-3 (Groundball, 34S, EV 73.1 MPH)
|
|
Batting: LHB Bill Helmer
|
0-0: Called Strike 0-1: Ball 1-1: Ground out 4-3 (Groundball, 34, EV 91.9 MPH)
|
| Bottom of the 9th over - 0 runs, 0 hits, 0 errors, 0 left on base; Roswell 4 - Oakland 3 |
|